 Dungeon Crawl Stone Soup version 0.26.1-11-gd32895ea62 (webtiles) character file.

Game seed: 4478599787358023036

2083 ShyWoof the Conjurer (level 9, -2/65 HPs)
             Began as a Gnoll Conjurer on July 5, 2021.
             Splashed by an oklob plant's acid (6 damage)
             ... on level 7 of the Dungeon.
             The game lasted 00:23:53 (7398 turns).

ShyWoof the Conjurer (Gnoll Conjurer)               Turns: 7398, Time: 00:23:54

Health: -2/65      AC:  4    Str: 10    XL:     9   Next: 27%
Magic:  8/18       EV: 16    Int: 22    God:
Gold:   207        SH:  0    Dex: 15    Spells: 14/21 levels left

rFire    . . .     SeeInvis .   k - +3 dagger (venom)
rCold    . . .     Faith    .   (no shield)
rNeg     . . .     Spirit   .   a - +0 robe
rPois    .         Reflect  .   (no helmet)
rElec    .         Harm     .   o - +0 cloak
rCorr    +         Rampage  .   C - +0 pair of gloves
Will     .....                  (no boots)
Stlth    +++.......             (no amulet)
HPRegen  0.20/turn              i - ring of resist corrosion
MPRegen  0.16/turn              (no ring)

@: no status effects
A: distributed training, fangs 1, strong nose
a: no special abilities


You were on level 7 of the Dungeon.
You visited 1 branch of the dungeon, and saw 7 of its levels.

You collected 291 gold pieces.
You spent 84 gold pieces at shops.

Inventory:

Hand Weapons
 d - a +0 short sword
 e - a +0 flail of protection
 k - a +3 dagger of venom (weapon)
Missiles
 t - 32 poisoned darts (quivered)
Armour
 a - a +0 robe (worn)
 o - a +0 cloak (worn)
 C - a +0 pair of gloves (worn)
Jewellery
 i - a ring of resist corrosion (left hand)
 B - an uncursed ring of fire {unknown}
Wands
 m - a wand of digging (9)
Scrolls
 b - 7 scrolls of teleportation {unknown}
 c - 9 scrolls of identify {unknown}
 f - 3 scrolls of random uselessness {unknown}
 g - 6 scrolls of remove curse {unknown}
 q - a scroll of blinking {unknown}
 u - a scroll of fear {unknown}
 v - 2 scrolls of immolation {unknown}
 w - 2 scrolls of enchant weapon {unknown}
 y - a scroll of fog {unknown}
Potions
 h - a potion of attraction {unknown}
 j - a potion of heal wounds {unknown}
 l - 4 potions of curing
 n - 2 potions of cancellation {unknown}
 p - a potion of might {unknown}
 r - a potion of brilliance {unknown}
 s - 2 potions of degeneration {unknown}
 x - a potion of magic {unknown}
 z - a potion of mutation {unknown}
 A - a potion of invisibility {unknown}


   Skills:
 + Level 4.0 Fighting
 + Level 4.0 Short Blades
 + Level 4.0 Long Blades
 + Level 4.0 Axes
 + Level 4.0 Maces & Flails
 + Level 4.0 Polearms
 + Level 4.0 Staves
 + Level 4.0 Slings
 + Level 4.0 Bows
 + Level 4.0 Crossbows
 + Level 4.0 Throwing
 + Level 4.0 Armour
 + Level 6.2 Dodging
 + Level 5.9 Stealth
 + Level 4.0 Shields
 + Level 4.0 Unarmed Combat
 + Level 6.5 Spellcasting
 + Level 7.9 Conjurations
 + Level 3.3 Hexes
 + Level 3.3 Summonings
 + Level 3.3 Necromancy
 + Level 3.3 Translocations
 + Level 3.3 Transmutations
 + Level 3.3 Fire Magic
 + Level 3.3 Ice Magic
 + Level 3.3 Air Magic
 + Level 3.3 Earth Magic
 + Level 3.3 Poison Magic
 + Level 4.5 Invocations
 + Level 4.0 Evocations


You had 14 spell levels left.
You knew the following spells:

 Your Spells              Type           Power        Failure   Level
a - Magic Dart            Conj           100%         1%          1
b - Searing Ray           Conj           84%          1%          2
c - Fulminant Prism       Conj/Hex       16%          9%          4

Your spell library contained the following spells:

 Spells                   Type           Power        Failure   Level
 Dazzling Flash           Conj/Hex       64%          2%          3
 Iskenderun's Mystic Bla  Conj/Tloc      32%          9%          4


Dungeon Overview and Level Annotations

Branches:
Dungeon (7/15)
 Temple: D:4-7

Altars:
Makhleb
Ru

Shops:
D:6 !

Annotations:
D:7 exclusion: oklob plant


Innate Abilities, Weirdness & Mutations

Your experience applies equally to all skills.
You have very sharp teeth.
Your uncanny sense of smell can sniff out nearby items.


Message History

Casting: Fulminant Prism (dangerous; 9% risk of failure)
Confirm with . or Enter, or press ? or * to list all spells.
Aiming: Magic Dart (safe; 1% risk of failure)
Press: ? - help, Shift-Dir - straight line, f - oklob plant
Aim: an oklob plant (heavily damaged, 0% to evade)
The magic dart hits the oklob plant but does no damage.
The oklob plant is heavily damaged.
The oklob plant spits acid at you. The splash of acid hits you! You resist.
* * * LOW HITPOINT WARNING * * *
You are splashed with acid.
You resist.
* * * LOW HITPOINT WARNING * * *
Your fulminant prism crackles loudly.
You hear an explosion!
Really walk into a travel-excluded area?
The oklob plant spits acid at you. The splash of acid hits you. You resist.
* * * LOW HITPOINT WARNING * * *
You are splashed with acid.
You resist.
You die... ##.# #.## #..# ##.## #..# ##.# ### #.# #JJJ#

#.#
JJP.PJ##@#
J.P...'..#
......####
#...# ###


You could see an oklob plant.

Vanquished Creatures
  An ice beast (D:5)
  An orc warrior (D:6)
  5 ogres
  A sky beast (D:6)
  A bullfrog (D:7)
  A gnoll sergeant (D:5)
  A scorpion (D:5)
  A bullfrog zombie (D:6)
  3 orc priests
  5 orc wizards
  Crazy Yiuf (D:2)
  2 hounds
  9 jellies (D:7)
  2 bullfrog skeletons (D:5)
  An iguana (D:4)
  Terence (D:2)
  4 worker ants (D:5)
  A hound zombie (D:5)
  2 hound skeletons
  A worker ant zombie (D:6)
  7 gnolls (D:5)
  6 adders
  A white imp (D:5)
  13 oozes
  An adder zombie (D:5)
  An adder skeleton (D:4)
  4 worms
  15 dart slugs
  2 leopard geckos (D:4)
  10 orcs
  4 bats
  3 giant cockroaches
  6 goblins
  9 hobgoblins
  12 jackals
  4 quokkas
  5 frilled lizards
  A jackal skeleton (D:4)
  A jackal zombie (D:5)
  9 kobolds
  6 rats
164 creatures vanquished.

Vanquished Creatures (others)
  18 fulminant prisms
  6 fungi (D:7)
24 creatures vanquished.

Grand Total: 188 creatures vanquished

Notes
Turn   | Place    | Note
-------+----------+-------------------------------------------
     0 | D:1      | ShyWoof the Gnoll Conjurer began the quest for the Orb.
     0 | D:1      | Reached XP level 1. HP: 13/13 MP: 6/6
   201 | D:1      | Reached XP level 2. HP: 18/20 MP: 0/7
   671 | D:1      | Reached skill level 5 in Spellcasting
   671 | D:1      | Reached XP level 3. HP: 6/25 MP: 7/9
   674 | D:1      | Learned a level 2 spell: Searing Ray
  1135 | D:2      | Reached skill level 1 in Invocations
  1161 | D:2      | Noticed Terence
  1174 | D:2      | Killed Terence
  1175 | D:2      | Reached skill level 1 in Fighting
  1175 | D:2      | Reached skill level 1 in Short Blades
  1175 | D:2      | Reached skill level 1 in Long Blades
  1175 | D:2      | Reached skill level 1 in Axes
  1175 | D:2      | Reached skill level 1 in Maces & Flails
  1175 | D:2      | Reached skill level 1 in Polearms
  1175 | D:2      | Reached skill level 1 in Staves
  1175 | D:2      | Reached skill level 1 in Slings
  1175 | D:2      | Reached skill level 1 in Bows
  1175 | D:2      | Reached skill level 1 in Crossbows
  1175 | D:2      | Reached skill level 1 in Throwing
  1175 | D:2      | Reached skill level 1 in Armour
  1175 | D:2      | Reached skill level 1 in Shields
  1175 | D:2      | Reached skill level 1 in Unarmed Combat
  1175 | D:2      | Reached skill level 1 in Evocations
  1175 | D:2      | Reached XP level 4. HP: 15/32 MP: 4/11
  1478 | D:2      | You fall into a shaft and drop 2 floors!
  1758 | D:2      | Learned a level 4 spell: Fulminant Prism
  1773 | D:2      | Reached skill level 1 in Hexes
  1773 | D:2      | Reached skill level 1 in Summonings
  1773 | D:2      | Reached skill level 1 in Necromancy
  1773 | D:2      | Reached skill level 1 in Translocations
  1773 | D:2      | Reached skill level 1 in Transmutations
  1773 | D:2      | Reached skill level 1 in Fire Magic
  1773 | D:2      | Reached skill level 1 in Ice Magic
  1773 | D:2      | Reached skill level 1 in Air Magic
  1773 | D:2      | Reached skill level 1 in Earth Magic
  1773 | D:2      | Reached skill level 1 in Poison Magic
  2643 | D:2      | Found a runed translucent door.
  2644 | D:2      | Noticed Crazy Yiuf
  2666 | D:2      | Killed Crazy Yiuf
  2667 | D:2      | Reached XP level 5. HP: 27/37 MP: 9/12
  2808 | D:3      | Found a sacrificial altar of Ru.
  3230 | D:3      | Reached XP level 6. HP: 19/44 MP: 1/13
  4053 | D:4      | Reached skill level 5 in Dodging
  4356 | D:4      | Reached XP level 7. HP: 51/51 MP: 7/15
  4690 | D:5      | Entered Level 5 of the Dungeon
  4757 | D:5      | Reached skill level 5 in Stealth
  4979 | D:5      | Reached XP level 8. HP: 21/57 MP: 11/16
  6018 | D:5      | Found a burning altar of Makhleb.
  6441 | D:6      | Found Feciekepp's Distillery.
  6506 | D:6      | Bought 2 potions of curing for 84 gold pieces
  6773 | D:6      | Reached XP level 9. HP: 51/65 MP: 13/18
  7006 | D:7      | Noticed an oklob plant
  7398 | D:7      | Splashed by an oklob plant's acid

Illustrated notes

Levels and vault maps discovered:
D:1:      ebering_trefoil_twist, layout_basic
D:2:      layout_basic, uniq_crazy_yiuf_cottage, uniq_terence
D:3:      kennysheep_slugbush, layout_rooms, lemuel_round_altar,
          minmay_misc_feat_secret_circle, nicolae_underground_beach
D:4:      layout_gridville, serial_glass, glass_columns_c, glass_columns_b,
          glass_columns_b, glass_columns_c, glass_columns_a, glass_columns_a,
          glass_columns_a, glass_columns_a, glass_columns_a, glass_columns_a,
          glass_columns_b, glass_columns_b, glass_columns_a, glass_columns_a,
          hangedman_decor_push
D:5:      layout_gridville, marbit_many_paths, minmay_misc_feat_roman,
          kennysheep_doodads
D:6:      minmay_klotski, layout_rooms, serial_shops, shop
D:7:      lemuel_slime, layout_basic, minmay_temple_entry_glassed_door

Skill      XL: |  1  2  3  4  5  6  7  8  9 |
---------------+----------------------------+-----
Spellcasting   | 5 6 |  6.5
Invocations    | 1 2 3 4 |  4.5
Fighting       | 1 2 3 4 |  4.0
Short Blades   | 1 2 3 4 |  4.0
Long Blades    | 1 2 3 4 |  4.0
Axes           | 1 2 3 4 |  4.0
Maces & Flails | 1 2 3 4 |  4.0
Polearms       | 1 2 3 4 |  4.0
Staves         | 1 2 3 4 |  4.0
Slings         | 1 2 3 4 |  4.0
Bows           | 1 2 3 4 |  4.0
Crossbows      | 1 2 3 4 |  4.0
Throwing       | 1 2 3 4 |  4.0
Armour         | 1 2 3 4 |  4.0
Shields        | 1 2 3 4 |  4.0
Unarmed Combat | 1 2 3 4 |  4.0
Evocations     | 1 2 3 4 |  4.0
Hexes          | 1 2 3 |  3.3
Summonings     | 1 2 3 |  3.3
Necromancy     | 1 2 3 |  3.3
Translocations | 1 2 3 |  3.3
Transmutations | 1 2 3 |  3.3
Fire Magic     | 1 2 3 |  3.3
Ice Magic      | 1 2 3 |  3.3
Air Magic      | 1 2 3 |  3.3
Earth Magic    | 1 2 3 |  3.3
Poison Magic   | 1 2 3 |  3.3
Dodging        | 5 6 |  6.2
Stealth        | 5 |  5.9
Conjurations   | |  7.9

Action                   |  1- 3 |  4- 6 |  7- 9 || total
-------------------------+-------+-------+-------++-------
Melee: Unarmed           |     1 |       |       ||     1
       Club              |    25 |       |       ||    25
       Short sword       |    22 |       |       ||    22
       Bite              |     3 |     8 |    17 ||    28
       Flail             |       |    50 |       ||    50
       Dagger            |       |    76 |   158 ||   234
       Punch             |       |       |     2 ||     2
Throw: Dart              |       |     7 |    24 ||    31
 Cast: Magic Dart        |    12 |    20 |    23 ||    55
       Searing Ray       |     2 |     4 |    12 ||    18
       Fulminant Prism   |       |     8 |    10 ||    18
 Stab: Sleeping          |     5 |     7 |     5 ||    17
Armor: Robe              |     4 |    22 |    16 ||    42
Dodge: Dodged            |    48 |   119 |   103 ||   270
